 Dungeon Crawl Stone Soup version 0.15.0-8-gb109cf8 (webtiles) character file.

66 Gravenous the Cudgeler (level 4, 0/26 HPs)
             Began as a Gargoyle Warper on Aug 30, 2014.
             Slain by a gnoll
             ... wielding a +0 halberd
              (14 damage)
             ... on Level 2 of the Dungeon.
             The game lasted 00:03:22 (1920 turns).

Gravenous the Cudgeler (Gargoyle Warper)            Turns: 1920, Time: 00:03:22

HP   0/26        AC 10     Str 15      XL: 4   Next: 15%
MP   7/7         EV  5     Int 14      God:
Gold 100         SH  0     Dex  9      Spells:  1 memorised,  6 levels left

rFire  . . .     SeeInvis .     a - +0 mace
rCold  . . .     Clarity  .     q - +0 ring mail (curse)
rNeg   + . .     rCorr    .     (no shield)
rPois  +         rRot     +     k - +0 helmet
rElec  +         Spirit   .     (no cloak)
SustAb .         Warding  .     (no gloves)
rMut   .         Stasis   .     (no boots)
Gourm  .                        (no amulet)
MR     .....                    (no ring)
                                (no ring)

@: held, not resistant to hostile enchantments, extremely unstealthy
A: negative energy resistance 1, electricity resistance, unbreathing,
petrification resistance, rot immunity, AC +3
a: no special abilities


You were on level 2 of the Dungeon.
You were not hungry.

You visited 1 branch of the dungeon, and saw 2 of its levels.

You collected 100 gold pieces.

Inventory:

Hand weapons
 a - a +0 mace (weapon)
Missiles
 e - 5 tomahawks of dispersal (quivered)
 r - 8 tomahawks
Armour
 k - a +0 helmet (worn)
 q - a cursed +0 ring mail (worn)
Magical devices
 b - a wand of digging (10) {unknown}
Comestibles
 f - a bread ration
 g - 3 beef jerkies
 h - 10 fruits
Scrolls
 d - 2 scrolls of blinking
 i - a scroll of immolation {unknown}
 j - a scroll of magic mapping {unknown}
 n - a scroll of teleportation {unknown}
 o - a scroll of recharging {unknown}
 s - a scroll of amnesia {unknown}
Potions
 l - a potion of cancellation {unknown}
 m - a potion of curing {unknown}
 p - a potion of magic {unknown}
Books
 c - a book of Spatial Translocations

   Spells                             Type                      Level
   *Apportation                       Translocation                1
   Blink                              Translocation                2
   Shroud of Golubria                 Charms/Translocation         2
   Portal Projectile                  Translocation                3
   Teleport Other                     Translocation                3
   Passage of Golubria                Translocation                4


   Skills:
 - Level 2.1 Fighting
 * Level 3.6 Maces & Flails
 - Level 1.0 Throwing
 + Level 2.5 Armour
 - Level 1.5 Dodging
 - Level 2.0 Spellcasting
 - Level 2.6 Translocations


You had 6 spell levels left.
You knew the following spells:

 Your Spells              Type           Power        Failure   Level  Hunger
a - Apportation           Tloc           #.........   12%         1    ##.....


Dungeon Overview and Level Annotations

Branches:
Dungeon (2/15)

Altars:


Innate Abilities, Weirdness & Mutations

You are resistant to torment.
You are immune to poison.
Your stone body is very resilient (AC +3).
You resist negative energy.
You are resistant to electric shocks.
You can survive without breathing.
You are immune to petrification.
You are immune to rotting.


Message History

The gnoll moves out of view.
A gnoll is nearby!
A gnoll is nearby!
A gnoll is nearby!
A gnoll is nearby!
A gnoll is nearby!
A gnoll comes into view. It is wielding a halberd.
The gnoll shouts!
The gnoll hits you from afar with a halberd.
The gnoll completely misses you.
The gnoll throws a throwing net.
The throwing net hits you.
You become entangled in the net!
Things that are here:
a throwing net; 13 stones Unknown command.
You try to slip out of the net.
The gnoll barely misses you.
The gnoll hits you from afar with a halberd!
You struggle against the net.
The gnoll hits you.
The gnoll hits you from afar with a halberd!
Ouch! That really hurt!
You die...

#.## #.# ..........#
...######.#
##.######.#
........#. ## #.#
...####.#.# #. # #.#
#.### #.#.# #.##
##.######.## #.).#
#.#.. ..#
............# ###.#
#.#.#
#.##.##.######..# #.#
#.#.# #.#...#.#
#..### #.# #.#(#
#.@.g...# #..(..
###.###.#.# #.#gg.#.#
##.###
........#.#####.##.##
#.# ................#
.# #.#
###.########.#.## .
#.# .......#
#.#........# #.#
.#...#.# #.####...###
#.# .......# #.#
#...# #.### .......#
#.# #.# ...#


You could see 3 gnolls.

Vanquished Creatures
  An adder (D:2)
  3 giant geckos
  An ooze (D:1)
  3 giant cockroaches
  9 goblins
  11 hobgoblins
  2 ball pythons
  7 bats
  5 giant newts
  7 kobolds
  4 rats
53 creatures vanquished.

Notes
Turn   | Place    | Note
--------------------------------------------------------------
     0 | D:1      | Gravenous, the Gargoyle Warper, began the quest for the Orb.
     0 | D:1      | Reached XP level 1. HP: 12/12 MP: 3/3
   152 | D:1      | Reached XP level 2. HP: 8/17 MP: 4/4
   834 | D:1      | Reached XP level 3. HP: 19/21 MP: 6/6
   847 | D:1      | Reached skill level 3 in Maces & Flails
  1790 | D:2      | Reached XP level 4. HP: 19/26 MP: 7/7
  1920 | D:2      | Slain by a gnoll

Action                   |  1- 3 |  4- 6 || total
-------------------------+-------+-------++-------
Melee: Mace              |   190 |    11 ||   201
  Eat: Chunk             |     3 |     1 ||     4
